 Dungeon Crawl Stone Soup version 0.23-a0-183-gf37f6fb (webtiles) character file.

12398 mopl the Covert (level 12, -8/74 HPs)
             Began as a Formicid Enchanter on Sept 22, 2018.
             Was an Elder of Okawaru.
             Mangled by a two-headed ogre
             ... wielding a +0 giant spiked club
              (23 damage)
             ... on level 11 of the Dungeon on Sept 23, 2018.
             The game lasted 00:38:11 (14638 turns).

mopl the Covert (Formicid Enchanter)               Turns: 14638, Time: 00:38:12

Health: -8/74      AC:  6    Str: 19    XL:     12   Next: 19%
Magic:  10/22      EV: 14    Int: 15    God:    Okawaru [****..]
Gold:   162        SH:  0    Dex: 14    Spells: 14/25 levels left

rFire    + . .     SeeInvis +   a - +2 short sword (elec)
rCold    + . .     Gourm    .   (no shield)
rNeg     . . .     Faith    .   O - +1 robe
rPois    +         Spirit   .   (helmet unavailable)
rElec    .         Reflect  .   M - +0 cloak
rCorr    .         Harm     .   E - +0 pair of gloves
MR       ++...                  v - +0 pair of boots
Stlth    +++++.....             c - amulet "Zubrukh" {Acrobat rPois rF+ rC+}
HPRegen  0.22/turn              F - +2 ring of evasion
MPRegen  0.18/turn              P - ring "Qecym" {+Inv MR+ Str+4 SInv, =R}

@: invisible
A: permanent stasis, dig shafts and tunnels, four strong arms, antennae 3
a: Dig, Shaft Self, Heroism, Renounce Religion


You were on level 11 of the Dungeon.
You worshipped Okawaru.
Okawaru was greatly pleased with you.
You were not hungry.

You visited 3 branches of the dungeon, and saw 13 of its levels.
You also visited: Labyrinth.

You collected 792 gold pieces.
You spent 630 gold pieces at shops.

Inventory:

Hand Weapons
 a - a +2 short sword of electrocution (weapon)
 b - a +4 scimitar of flaming
 L - a +3 dagger of protection
Missiles
 e - 8 tomahawks of returning (quivered)
 C - 18 tomahawks
Armour
 n - a +0 troll leather armour
 v - a +0 pair of boots (worn)
 E - a +0 pair of gloves (worn)
 M - a +0 cloak (worn)
 O - a +1 robe (worn)
 R - a +0 shield
Jewellery
 c - the amulet "Zubrukh" (around neck) {Acrobat rPois rF+ rC+}
   (You found it in a labyrinth)

   [amulet of the acrobat]

   It helps you evade while moving and waiting.
   It protects you from fire.
   It protects you from cold.
   It protects you from poison.
 q - an uncursed ring of protection from fire
 s - an uncursed ring of protection from cold
 F - a +2 ring of evasion (left hand)
 P - the ring "Qecym" (right hand) {+Inv MR+ Str+4 SInv, =R}
   (You bought it in a shop on level 10 of the Dungeon)

   [ring of see invisible]

   It affects your strength (+4).
   It affects your resistance to hostile enchantments.
   It lets you see invisible.
   It lets you turn invisible.
 T - an uncursed ring of resist corrosion
 V - an uncursed amulet of faith {!P}
Wands
 k - a wand of random effects (81)
 B - a wand of paralysis (15)
 K - a wand of scattershot (2)
Scrolls
 t - a scroll of fog
 u - a scroll of magic mapping
 w - a scroll of remove curse
 y - 3 scrolls of fear
 U - a scroll of acquirement {unknown}
Potions
 h - a potion of magic
 i - a potion of might {unknown}
 l - 4 potions of curing
 o - 2 potions of ambrosia
 r - 2 potions of cancellation
 D - a potion of haste {unknown}
 G - a potion of brilliance {unknown}
 I - a potion of agility {unknown}
 N - 2 potions of resistance
 Q - a potion of mutation {unknown}
 S - a potion of heal wounds
Miscellaneous
 x - a lamp of fire
 J - a sack of spiders
Comestibles
 d - 25 rations
 f - 5 chunks of flesh


   Skills:
 - Level 1.0(2.7) Short Blades
 + Level 4.0(4.1) Long Blades
 - Level 1.7 Dodging
 * Level 13.1 Stealth
 + Level 3.3 Shields
 - Level 7.0 Spellcasting
 - Level 4.0 Conjurations
 * Level 12.2 Hexes
 - Level 4.0 Ice Magic
 + Level 6.7 Invocations
 + Level 2.6 Evocations


You had 14 spell levels left.
You knew the following spells:

 Your Spells              Type           Power        Failure   Level  Hunger
b - Ensorcelled Hibernat  Hex/Ice        ####..       1%          2    None
c - Confuse               Hex            #####...     1%          3    ##.....
d - Tukima's Dance        Hex            #####...     1%          3    ##.....
g - Dazzling Spray        Conj/Hex       ####..       1%          3    ##.....

Your spell library contained the following spells:

 Spells                   Type           Power        Failure   Level  Hunger
 Corona                   Hex            #####..      1%          1    None
 Beastly Appendage        Tmut           #.....       13%         1    None
 Darkness                 Hex            #####.....   13%         6    #######
 Sticks to Snakes         Tmut           #.......     21%         2    None
 Silence                  Hex/Air        ###.......   30%         5    #####..
 Spider Form              Tmut/Pois      #.........   36%         3    ##.....
 Ice Form                 Ice/Tmut       ##......     50%         4    ####...
 Blade Hands              Tmut           #.........   98%         5    #####..
 Borgnjor's Vile Clutch   Necr/Erth      #.........   98%         5    #####..
 Shadow Creatures         Summ           N/A          100%        6    #######


Dungeon Overview and Level Annotations

Branches:
Dungeon (11/15)            Temple (1/1) D:5            Lair (1/6) D:11
    Orc (0/2) D:10

Altars:
Cheibriados
Dithmenos
Elyvilon
Fedhas
Gozag
Hepliaklqana
Kikubaaqudgha
Makhleb
Nemelex Xobeh
Okawaru
Qazlal
Ru
Wu Jian
Yredelemnul
Zin
The Shining One

Shops:
D:10 =   D:11 [


Innate Abilities, Weirdness & Mutations

You cannot be hasted, slowed, berserked, paralysed or teleported.
You can dig through walls and to a lower floor.
Your four strong arms can wield two-handed weapons with a shield.
You have a pair of large antennae on your head. (SInv)


Message History

Unknown command.
Casting: Ensorcelled Hibernation (safe; 1% risk of failure)
Confirm with . or Enter, or press ? or * to list all spells.
Aiming: Ensorcelled Hibernation (safe; 1% risk of failure)
Press: ? - help, Shift-Dir - straight line, f/p - two-headed ogre
Aim: a two-headed ogre, wielding a giant spiked club and a giant club (chance The two-headed ogre looks drowsy...
The helpless two-headed ogre fails to defend itself.
You perforate the two-headed ogre like a sieve!!!
The two-headed ogre is severely wounded.
The two-headed ogre hits you with a giant spiked club!
The two-headed ogre hits you with a giant club!
* * * LOW HITPOINT WARNING * * *
You hit the two-headed ogre.
The two-headed ogre is severely wounded.
The two-headed ogre misses you. The two-headed ogre barely misses you.
You fail to use your ability.
You fade into invisibility!
The two-headed ogre hits you with a giant spiked club!!
You die...

.......#..................
######.#........)(##......
###............# .<...
#...........†..# ..... #
##.#.....>......# ......
###...............##......
.....####...##.####./.....
##..#####.#....##..†......
....#.....#..#..@O##......
....#.....#....#####......
....................# ####
..######..#.........#
..##...####.........#
..#.##.#............#
..###).#..............
..####'##.......>...##
........#...........#


You could see a two-headed ogre.

Vanquished Creatures
  A minotaur (Lab)
  Erica (D:9)
  A two-headed ogre (D:11)
  A glowing orange brain (shapeshifter) (D:11)
  Pikel (D:9)
  Maurice (D:8)
  Joseph (D:10)
  A gargoyle (D:11)
  A kobold demonologist (D:11)
  2 komodo dragons
  A troll (D:10)
  2 hippogriffs
  5 yaks (D:10)
  A spriggan (D:11)
  A wyvern (D:8)
  A wraith (D:11)
  An acid dragon (D:11)
  4 orc warriors
  3 sky beasts
  3 ice beasts
  A slave (D:9)
  2 phantoms (D:9)
  3 ogres
  A centaur (D:9)
  A crocodile (D:11)
  6 bullfrogs
  An earth elemental (Lab)
  A gnoll sergeant (D:10)
  5 scorpions
  9 killer bees
  7 howler monkeys
  7 crimson imps
  A bullfrog zombie (D:7)
  A quasit (D:10)
  3 centaur zombies
  9 orc priests
  9 hounds
  4 jellies
  A centaur skeleton (D:8)
  3 iguanas
  17 orc wizards
  6 worker ants
  A hound zombie (D:10)
  An ogre skeleton (Lab)
  A hound skeleton (D:5)
  5 gnolls (D:10)
  11 adders
  4 shadow imps
  An ooze (D:3)
  2 adder skeletons (D:4)
  An adder zombie (D:9)
  2 worms
  2 dart slugs
  4 leopard geckos
  74 orcs
  5 giant cockroaches
  7 goblins
  8 hobgoblins
  4 jackals (D:8)
  8 quokkas
  2 ball pythons
  7 bats
  3 frilled lizards (D:1)
  A jackal skeleton (D:5)
  A kobold (D:1)
  A quokka skeleton (D:4)
  11 rats
  A spectral orc (D:4)
  A plant (D:1)
300 creatures vanquished.

Vanquished Creatures (collateral kills)
  A two-headed ogre (D:9)
1 creature vanquished.

Vanquished Creatures (others)
  A slave (D:9)
  A centaur (D:9)
  A howler monkey skeleton (D:9)
  2 plants
5 creatures vanquished.

Grand Total: 306 creatures vanquished

Notes
Turn   | Place    | Note
-------+----------+-------------------------------------------
     0 | D:1      | mopl the Formicid Enchanter began the quest for the Orb.
     0 | D:1      | Reached XP level 1. HP: 13/13 MP: 3/3
    73 | D:1      | Reached XP level 2. HP: 5/19 MP: 0/5
   299 | D:1      | Learned a level 2 spell: Ensorcelled Hibernation
   320 | D:1      | Reached skill level 4 in Stealth
   387 | D:1      | Reached skill level 4 in Hexes
   603 | D:1      | Reached XP level 3. HP: 21/24 MP: 3/6
   608 | D:1      | Learned a level 3 spell: Confuse
  1857 | D:2      | Noticed a sky beast
  1953 | D:2      | Killed a sky beast
  1953 | D:2      | Reached skill level 5 in Stealth
  1953 | D:2      | Reached skill level 5 in Hexes
  1953 | D:2      | Reached skill level 1 in Ice Magic
  1953 | D:2      | Reached XP level 4. HP: 4/30 MP: 0/8
  1953 | D:2      | Reached XP level 5. HP: 5/35 MP: 0/9
  2274 | D:2      | Found a hazy altar of Hepliaklqana.
  2400 | D:2      | You fall through a shaft!
  2418 | D:3      | Reached skill level 3 in Spellcasting
  2424 | D:3      | Noticed an ice beast
  2438 | D:3      | Killed an ice beast
  2438 | D:3      | Reached XP level 6. HP: 31/41 MP: 4/10
  2491 | D:3      | Learned a level 3 spell: Tukima's Dance
  2840 | D:3      | Reached skill level 2 in Ice Magic
  2852 | D:3      | Found a sparkling altar of Nemelex Xobeh.
  2920 | D:3      | Found a blossoming altar of Fedhas.
  3206 | D:3      | Reached skill level 6 in Stealth
  3653 | D:3      | Reached XP level 7. HP: 12/46 MP: 1/12
  3956 | D:4      | Reached skill level 6 in Hexes
  4152 | D:4      | Learned a level 3 spell: Dazzling Spray
  4217 | D:4      | Found an opulent altar of Gozag.
  4637 | D:4      | Found a basalt altar of Yredelemnul.
  5111 | D:4      | Reached skill level 1 in Conjurations
  5485 | D:5      | Entered Level 5 of the Dungeon
  5497 | D:5      | Reached skill level 7 in Stealth
  5497 | D:5      | Reached skill level 3 in Ice Magic
  5497 | D:5      | Reached XP level 8. HP: 52/52 MP: 9/13
  5502 | D:5      | Found an ancient bone altar of Kikubaaqudgha.
  5682 | D:5      | Reached skill level 4 in Spellcasting
  5948 | D:5      | Reached skill level 7 in Hexes
  6332 | D:5      | Found a white marble altar of Elyvilon.
  6397 | D:5      | Reached skill level 2 in Conjurations
  6646 | D:5      | Found a burning altar of Makhleb.
  6683 | D:5      | Found a staircase to the Ecumenical Temple.
  6692 | Temple   | Entered the Ecumenical Temple
  6788 | Temple   | Became a worshipper of Warmaster Okawaru
  7469 | D:6      | Reached skill level 8 in Stealth
  7733 | D:6      | Reached XP level 9. HP: 57/57 MP: 8/15
  8244 | D:6      | Reached skill level 8 in Hexes
  8518 | D:7      | Reached skill level 4 in Ice Magic
  8618 | D:7      | Reached skill level 1 in Invocations
  8774 | D:7      | Reached * piety under Okawaru
  8774 | D:7      | Reached skill level 9 in Stealth
  8795 | D:7      | Reached skill level 5 in Spellcasting
  8795 | D:7      | Reached skill level 3 in Conjurations
  9013 | D:7      | Noticed a hippogriff
  9038 | D:7      | Killed a hippogriff
  9038 | D:7      | Reached skill level 2 in Invocations
  9337 | D:8      | Reached skill level 9 in Hexes
  9346 | D:8      | Noticed Maurice
  9422 | D:8      | Killed Maurice
  9422 | D:8      | Reached skill level 3 in Invocations
  9422 | D:8      | Reached XP level 10. HP: 19/63 MP: 8/18
  9440 | D:8      | Reached ** piety under Okawaru
  9440 | D:8      | Reached skill level 10 in Stealth
  9872 | D:8      | Reached skill level 4 in Conjurations
 10171 | D:9      | Noticed Erica
 10185 | D:9      | Killed Erica
 10185 | D:9      | Reached *** piety under Okawaru
 10185 | D:9      | Reached skill level 6 in Spellcasting
 10185 | D:9      | Reached skill level 10 in Hexes
 10185 | D:9      | Reached skill level 4 in Invocations
 10372 | D:9      | Reached skill level 11 in Stealth
 10382 | D:9      | Noticed Pikel
 10568 | D:9      | Killed Pikel
 10568 | D:9      | Reached skill level 1 in Long Blades
 10673 | D:9      | Found a sparkling altar of Nemelex Xobeh.
 10692 | D:9      | Noticed a two-headed ogre
 10702 | D:9      | Killed a two-headed ogre
 10702 | D:9      | Reached **** piety under Okawaru
 10702 | D:9      | Reached skill level 5 in Invocations
 10702 | D:9      | Reached XP level 11. HP: 39/68 MP: 8/20
 11026 | D:9      | Reached skill level 2 in Long Blades
 11212 | D:10     | Entered Level 10 of the Dungeon
 11224 | D:10     | Reached skill level 11 in Hexes
 11394 | D:10     | Noticed Joseph
 11415 | D:10     | Killed Joseph
 11415 | D:10     | Reached skill level 12 in Stealth
 11818 | D:10     | Reached ***** piety under Okawaru
 11847 | D:10     | Reached skill level 1 in Shields
 12122 | D:10     | Found Ipnogge's Jewellery Emporium.
 12125 | D:10     | Bought the ring "Qecym" {+Inv MR+ Str+4 SInv} for 602 gold
                  | pieces
 12127 | D:10     | Bought a cursed amulet of inaccuracy for 28 gold pieces
 12292 | D:10     | Reached skill level 7 in Spellcasting
 12645 | D:10     | Reached skill level 3 in Long Blades
 12698 | D:10     | Found a staircase to the Orcish Mines.
 12818 | D:11     | Noticed a two-headed ogre
 13083 | D:10     | Reached skill level 6 in Invocations
 13435 | D:11     | Reached skill level 1 in Evocations
 13658 | D:11     | Noticed a glowing orange brain
 13660 | D:11     | Killed a glowing orange brain
 13660 | D:11     | Reached skill level 2 in Shields
 13772 | D:11     | Found a staircase to the Lair.
 13804 | Lair:1   | Entered Level 1 of the Lair of Beasts
 13847 | Lair:1   | Received a gift from Okawaru
 13883 | Lair:1   | Found a labyrinth entrance.
 13887 | Lab      | Entered a labyrinth
 14205 | Lab      | Got a shimmering silver amulet
 14207 | Lab      | Got a pitted chain mail
 14290 | Lab      | Noticed a minotaur
 14297 | Lab      | Killed a minotaur
 14297 | Lab      | Reached skill level 3 in Shields
 14297 | Lab      | Reached skill level 12 in Hexes
 14297 | Lab      | Reached skill level 2 in Evocations
 14297 | Lab      | Reached XP level 12. HP: 74/74 MP: 19/22
 14300 | Lab      | Got a bloodstained chain mail
 14300 | Lab      | Got a bloodstained ring mail
 14351 | Lab      | Identified the +6 chain mail "Eromoatz" {rElec MR+} (You
                  | found it in a labyrinth)
 14371 | Lab      | Identified the +7 chain mail of the Salmon {Int+2} (You
                  | found it in a labyrinth)
 14381 | Lab      | Identified the cursed +1 ring mail of the Thirsty Eyes
                  | {rPois rF- Dex+3 Stlth+} (You found it in a labyrinth)
 14382 | Lab      | Identified the amulet "Zubrukh" {Acrobat rPois rF+ rC+}
                  | (You found it in a labyrinth)
 14466 | D:11     | Killed a two-headed ogre
 14466 | D:11     | Reached skill level 4 in Long Blades
 14466 | D:11     | Reached skill level 13 in Stealth
 14494 | D:11     | Found Yxtegocs's Antique Armour Shoppe.
 14623 | D:11     | Noticed a two-headed ogre
 14638 | D:11     | Mangled by a two-headed ogre

Vault maps used:
D:1:      dpeg_arrival_short_road, minmay_misc_feat_roman, moated_statue,
          serial_bayou_lagoon_a, minmay_rat_gold_closets
D:2:      lemuel_coloured_pillars_altar
D:3:      fedhas_altar_2, nemelex_dance_club_becter
D:4:      nicolae_gozag_cash_rules_everything_around_me,
          yredelemnul_forgotten_temple_becter, first_ration
D:5:      lemuel_round_altar, lemuel_round_altar, lemuel_temple_firewalk_a,
          elyvilon_altar_5
D:6:      grunt_decor_resistance
D:8:      uniq_maurice
D:9:      lemuel_doored_altar, uniq_pikel, uniq_erica
D:10:     hiddenorc1_lemuel, serial_shops, nicolae_shop_window_shopping,
          uniq_joseph
D:11:     david_lair_shrubbed, serial_shops, shop, the_bakery,
          kennysheep_just_a_vault
Temple:   dpeg_chambers_temple
Lair:1:   ebering_ghost_inner_flame, lab_entry_generic
Lab:      nicolae_lab_flowing_pool, nicolae_lab_dead_end, nicolae_lab_hexagon

Skill      XL: |  1  2  3  4  5  6  7  8  9 10 11 12 |
---------------+-------------------------------------+-----
Stealth        | 4 5 6 7 8 9 11 12 13 | 13.1
Hexes          | 4 5 6 7 9 10 12 | 12.2
Ice Magic      | 1 2 3 4 |  4.0
Spellcasting   | 3 4 5 6 7 |  7.0
Conjurations   | 1 2 3 4 |  4.0
Invocations    | 3 5 6 |  6.7
Long Blades    | 1 3 4 |  4.0
Shields        | 3 |  3.3
Evocations     | 2 |  2.6
Short Blades   | |  1.0
Dodging        | |  1.7

Action                   |  1- 3 |  4- 6 |  7- 9 | 10-12 || total
-------------------------+-------+-------+-------+-------++-------
Melee: Dagger            |   379 |   140 |   290 |     8 ||   817
       Short sword       |       |       |       |   398 ||   398
Throw: Tomahawk          |       |     1 |     1 |       ||     2
 Cast: Corona            |     4 |     4 |       |       ||     8
       Ensorcelled Hiber |    14 |    34 |   123 |    88 ||   259
       Confuse           |     1 |     2 |    25 |    23 ||    51
       Tukima's Dance    |       |       |     1 |     6 ||     7
       Dazzling Spray    |       |       |     2 |     5 ||     7
Invok: Heroism           |       |       |       |     2 ||     2
 Abil: Dig               |     1 |       |       |     9 ||    10
       Evoke Invisibilit |       |       |       |     3 ||     3
  Use: Scroll            |       |       |    14 |     5 ||    19
       Potion            |       |       |     3 |     2 ||     5
 Stab: Sleeping          |    18 |    22 |    73 |    63 ||   176
       Confused          |     2 |     3 |    12 |    13 ||    30
       Invisible         |       |       |     4 |    10 ||    14
       Distracted        |       |       |       |     2 ||     2
  Eat: Ration            |     1 |     1 |     1 |     1 ||     4
       Chunk             |       |     5 |    22 |    19 ||    46
Armor: Robe              |    17 |    16 |    56 |    85 ||   174
Dodge: Dodged            |    51 |    89 |   144 |   303 ||   587

Table legend:
 A = Non-vault XP
 B = Vault XP
 C = Vault XP percentage of total XP
 D = Non-vault monster count
 E = Vault monster count
 F = Vault count percentage of total count
                 A         B        C        D         E       F
            +---------+---------+-------+---------+---------+-------
      Total |   13568 |    4144 |  23.4 |     263 |      36 |  12.0
            +---------+---------+-------+---------+---------+-------
        D:1 |      33 |       7 |  17.5 |      19 |       7 |  26.9
        D:2 |     146 |       0 |   0.0 |       7 |       0 |   0.0
        D:3 |     325 |      10 |   3.0 |      29 |       2 |   6.5
        D:4 |     495 |       1 |   0.2 |      22 |       1 |   4.3
        D:5 |     554 |       0 |   0.0 |      14 |       0 |   0.0
        D:6 |     652 |       0 |   0.0 |      27 |       0 |   0.0
        D:7 |     846 |       0 |   0.0 |      16 |       0 |   0.0
        D:8 |    1505 |     472 |  23.9 |      41 |       1 |   2.4
        D:9 |    1787 |    1577 |  46.9 |      26 |       2 |   7.1
       D:10 |    2669 |     701 |  20.8 |      37 |      18 |  32.7
       D:11 |    2734 |    1269 |  31.7 |      21 |       3 |  12.5
     Lair:1 |     545 |       0 |   0.0 |       3 |       0 |   0.0
        Lab |    1277 |     107 |   7.7 |       1 |       2 |  66.7
            +---------+---------+-------+---------+---------+-------
